Map: Catalyst LE

Players

Must - Winner!

  • Race: Zerg Zerg
  • Spawn Location: 5:00

VOD

Have the link to the VOD?

Description

Time

  • Played on: June 21, 2018, 12:06 p.m.
  • Length: 14:11
Show
View Real Time Build Order
Export as new Build Order

Must Zerg - Winner!

Build Orders:  

Get SALT Encoding   

  12  0:01  Drone  
  13  0:12  Drone  
  14  0:23  Overlord  
  14  0:50  Drone x3  
  17  1:18  Hatchery  
  16  1:22  Drone  
  16  1:25  Drone  
  18  1:42  Spawning Pool  
  18  1:48  Extractor  
  16  1:52  Drone  
  16  1:57  Drone  
  18  2:13  Overlord  
  18  2:21  Drone  
  19  2:36  Drone  
  20  2:47  Queen  
  22  3:00  Drone  
  22  3:04  Drone  
  24  3:13  Queen  
  24  3:16  Drone  
  27  3:25  Drone  
  27  3:26  Drone  
  29  3:45  Drone  
  29  3:47  Drone  
  29  3:48  Drone  
  32  3:58  Lair  
  32  3:59  Overlord  
  32  4:03  Queen  
  34  4:11  Overlord  
  34  4:29  Drone x2  
  36  4:30  Overlord  
  36  4:45  Drone x2  
  36  4:47  Drone x3  
  41  4:54  Drone  
  41  4:59  Queen  
  44  5:05  Spire  
  44  5:09  Drone  
  44  5:10  Extractor, Drone  
  44  5:11  Drone x2  
  44  5:16  Extractor  
  44  5:18  Drone  
  44  5:19  Extractor  
  45  5:42  Drone  
  45  5:43  Drone x3  
  45  5:44  Drone x2  
  45  5:45  Drone  
  52  6:12  Hatchery  
  52  6:13  Overlord x2  
  51  6:26  Overlord  
  51  6:29  Overlord  
  51  6:51  Drone  
  52  7:08  Mutalisk x5  
  62  7:25  Mutalisk  
  64  7:48  Mutalisk  
  64  7:49  Mutalisk  
  68  7:50  Drone x7  
  68  7:51  Drone x3  
  68  7:54  Overlord  
  78  8:25  Mutalisk  
  78  8:26  Mutalisk x2  
  78  8:27  Drone x6  
  90  8:31  Extractor  
  90  8:35  Extractor  
  90  8:39  Queen  
  90  8:40  Overlord x2  
  90  8:42  Mutalisk, Zergling x2  
  90  8:43  Zergling x2  
  90  8:44  Zergling x2  
  95  9:22  Overlord  
  95  9:23  Mutalisk x3  
  95  9:24  Mutalisk  
  103  9:36  Drone x6  
  109  9:47  Mutalisk  
  109  9:48  Mutalisk  
  113  10:11  Mutalisk x3  
  113  10:16  Overlord, Drone  
  113  10:17  Drone x2  
  122  11:12  Hatchery  
  122  11:18  Zerg Flyer Weapons Level 1  
  121  11:20  Mutalisk x4  
  121  11:22  Overlord x3  
  124  11:44  Mutalisk x3  
  130  12:03  Mutalisk x4  
  130  12:06  Metabolic Boost  
  138  12:13  Mutalisk  
  134  12:29  Mutalisk  
  136  12:30  Mutalisk  
  136  12:33  Overlord x2  
  136  12:51  Zergling x24  
  136  12:52  Zergling x2  
  149  13:16  Unknown  
  149  13:28  Zergling x2  
  149  13:29  Zergling x16  
Tags
 
Add a new tag
Caveats
  • Supply blocks, unpowered buildings, or Contaminate may cause inaccurate times.
  • Supply counts are checked every 10 seconds.